 Dungeon Crawl Stone Soup version 0.25.0-11-g1f837a76a1 (webtiles) character file.

Game seed: 17214476495335803756

112 DocSulfur the Vexing (level 4, -2/31 HPs)
             Began as a Vampire Enchanter on June 27, 2020.
             Slain by a killer bee zombie (6 damage)
             ... on level 3 of the Dungeon.
             The game lasted 00:17:52 (2535 turns).

DocSulfur the Vexing (Vampire Enchanter)            Turns: 2535, Time: 00:17:53

Health: -2/31      AC:  3    Str:  7    XL:     4   Next: 63%
Magic:  0/7        EV: 13    Int: 18    God:
Gold:   72         SH:  0    Dex: 14    Spells: 2/8 levels left

rFire    . . .     SeeInvis +   a - +1 dagger
rCold    . . .     Gourm    .   (no shield)
rNeg     . . .     Faith    .   k - +0 robe
rPois    .         Spirit   +   (no helmet)
rElec    .         Reflect  .   (no cloak)
rCorr    .         Harm     .   p - +0 pair of gloves
MR       .....                  (no boots)
Stlth    +++.......             q - amulet of guardian spirit
HPRegen  0.30/turn              (no ring)
MPRegen  0.10/turn              (no ring)

@: very slightly contaminated, regenerating quickly
A: no food, fangs 3, see invisible, unbreathing
a: Exsanguinate


You were on level 3 of the Dungeon.
You were alive.

You visited 1 branch of the dungeon, and saw 3 of its levels.

You collected 72 gold pieces.

Inventory:

Hand Weapons
 a - a +1 dagger (weapon)
 t - a +0 short sword
Missiles
 s - 8 stones (quivered)
Armour
 k - a +0 robe (worn)
 p - a +0 pair of gloves (worn)
Jewellery
 q - an amulet of guardian spirit (around neck)
Scrolls
 f - 2 scrolls of identify {unknown}
 i - 3 scrolls of immolation
 j - a scroll of enchant armour
 l - 2 scrolls of teleportation {unknown}
 n - a scroll of magic mapping {unknown}
 r - a scroll of fear {unknown}
Potions
 b - 2 potions of might {unknown}
 c - a potion of mutation {unknown}
 d - 2 potions of curing {unknown}
 e - a potion of lignification {unknown}
 g - 2 potions of flight {unknown}
 h - a potion of heal wounds {unknown}
 m - a potion of brilliance {unknown}
 o - 2 potions of cancellation {unknown}


   Skills:
 - Level 0.5 Fighting
 - Level 1.6 Short Blades
 - Level 2.3 Dodging
 + Level 5.8 Stealth
 + Level 2.6 Spellcasting
 * Level 5.9 Hexes


You had 2 spell levels left.
You knew the following spells:

 Your Spells              Type           Power        Failure   Level  Hunger
a - Corona                Hex            ###....      1%          1    N/A
b - Ensorcelled Hibernat  Hex/Ice        ##....       8%          2    N/A
c - Confusing Touch       Hex            ###.....     4%          3    N/A

Your spell library contained the following spells:

 Spells                   Type           Power        Failure   Level  Hunger
 Tukima's Dance           Hex            ###.....     4%          3    N/A
 Dazzling Flash           Conj/Hex       ##....       16%         3    N/A

Dungeon Overview and Level Annotations

Branches:
Dungeon (3/15)

Altars:
Uskayaw

Annotations:
D:2 Sigmund


Innate Abilities, Weirdness & Mutations

You do not eat.
Your natural rate of healing is unusually fast.
You have razor-sharp teeth.
You have supernaturally acute eyesight. (SInv)
You can survive without breathing.


Message History

The killer bee zombie hits you!
You closely miss the killer bee zombie.
The killer bee zombie barely misses you.
You hit the killer bee zombie.
The killer bee zombie is lightly damaged.
The killer bee zombie misses you. The killer bee zombie hits you.
You hit the killer bee zombie.
The killer bee zombie is moderately damaged.
The killer bee zombie hits you.
The killer bee zombie barely misses you.
You hit the killer bee zombie.
The killer bee zombie is moderately damaged.
The killer bee zombie hits you!
* * * LOW HITPOINT WARNING * * *
You hit the killer bee zombie.
The killer bee zombie is moderately damaged.
The killer bee zombie hits you.
* * * LOW HITPOINT WARNING * * *
The killer bee zombie hits you.
You die...

.......##..........###
.................)..<##
...##...#.........##..######
..............)..)...[.#
#.....≈≈≈.(#.)##########
#.#...≈.≈...#<#
#..#≈.≈.....## #≈.≈..Z#..#
#.....@..# ####.#...#
#.#...# # ##..# #.....).#
...#.##.... ≈. .≈..≈≈. ..≈
≈≈≈≈≈≈≈≈≈ ≈≈ ≈≈≈≈≈≈≈.≈≈


You could see a killer bee zombie (corona).

Vanquished Creatures
  A jelly (D:3)
  A worker ant zombie (D:3)
  An adder (D:3)
  A dart slug (D:1)
  5 orcs (D:3)
  6 giant cockroaches
  5 hobgoblins
  4 jackals
  2 ball pythons (D:2)
  4 bats
  7 frilled lizards (D:1)
  8 goblins
  6 kobolds
  4 rats
55 creatures vanquished.

Notes
Turn   | Place    | Note
-------+----------+-------------------------------------------
     0 | D:1      | DocSulfur the Vampire Enchanter began the quest for the
                  | Orb.
     0 | D:1      | Reached XP level 1. HP: 13/13 MP: 3/3
   469 | D:1      | Reached XP level 2. HP: 17/19 MP: 0/5
  1089 | D:1      | Reached XP level 3. HP: 19/25 MP: 3/6
  1094 | D:1      | Learned a level 2 spell: Ensorcelled Hibernation
  1098 | D:1      | Learned a level 3 spell: Confusing Touch
  1265 | D:2      | Found a hide-covered altar of Uskayaw.
  1278 | D:2      | Reached skill level 5 in Stealth
  1344 | D:2      | Reached skill level 5 in Hexes
  1355 | D:2      | Noticed Sigmund
  1988 | D:3      | Reached XP level 4. HP: 31/31 MP: 3/7
  2535 | D:3      | Slain by a killer bee zombie

Illustrated notes

Levels and vault maps discovered:
D:1:      dpeg_arrival_rooms_c, layout_basic
D:2:      layout_rooms, lemuel_round_altar, uniq_sigmund
D:3:      layout_rooms, first_ration, serial_rivers,
          chequers_serial_rivers_micro_b, chequers_serial_rivers_large_a,
          chequers_serial_rivers_micro_e, chequers_serial_rivers_micro_d,
          chequers_serial_rivers_micro_e, minmay_randomly_rotated_circles

Skill      XL: |  1  2  3 |
---------------+----------+-----
Stealth        | 5 |  5.8
Hexes          | 5 |  5.9
Fighting       | |  0.5
Short Blades   | |  1.6
Dodging        | |  2.3
Spellcasting   | |  2.6

Action                   |  1- 3 |  4- 6 || total
-------------------------+-------+-------++-------
Melee: Dagger            |   146 |    72 ||   218
       Bite              |    11 |     2 ||    13
 Cast: Corona            |    37 |    12 ||    49
       Ensorcelled Hiber |     2 |     7 ||     9
  Use: Scroll            |     2 |       ||     2
 Stab: Sleeping          |    12 |     5 ||    17
Armor: Robe              |    36 |    13 ||    49
Dodge: Dodged            |   118 |    74 ||   192
